AoeStats
← AIR-Z

Enclosed

505480890Analyzed
1v1 RM · 23d ago on Sep 9, 2026· 34m 4s· 2 players
Game mode
Random Map
Map size
Tiny (2 player)
Population
200
Speed
Normal
Resources
Standard
Victory
Conquest
Starting age
Dark Age
Ending age
Imperial Age
RankedLock teamsTeams togetherTeam positionsShared explorationLock speedFull tech treeHidden civsTurbo modeCheats
Victory
Defeat
🇷🇺 Chinese · Russia
1031
+14
🇺🇸 Britons · United States
989
-14
4BCoalition
12:05 Feudal Age
12:10 Loom
17:11 Castle Age
15:35 Double-Bit Axe
20:35 Fletching
20:47 Padded Archer Armor
21:04 Bow Saw
30:55 Crossbowman
AIR-Z
0:40 Loom
1:03 Loom
10:27 Feudal Age
11:22 Feudal Age
12:33 Double-Bit Axe
16:19 Gold Mining
21:37 Castle Age
20:32 Bloodlines
22:31 Forging
26:04 Squires
27:51 Wheelbarrow
Connection lost

Rejoining the realm…

Still unreachable

The connection could not be restored.

Session expired

The server has moved on; the page needs a fresh start.